Map: Orbital Shipyard

Players

Nerchio - Winner!

  • Race: Zerg Zerg
  • League: Grandmaster

MajeStic

  • Race: Protoss Protoss
  • League: Grandmaster

Event: DreamHack ROCCAT LotV Championship

VOD

Have the link to the VOD?

Description

Time

  • Played on: Nov. 26, 2015, 2:20 p.m.
  • Length: 9:22

All games in this series

Show
View Real Time Build Order
Export as new Build Order

Nerchio Zerg - Winner!

Build Orders: Hatch First 

Get SALT Encoding   

  12  0:00  Drone  
  13  0:12  Overlord  
  13  0:17  Drone  
  14  0:30  Drone x2  
  14  0:34  Drone  
  17  0:51  Hatchery  
  17  0:55  Drone  
  17  0:58  Drone  
  18  1:12  Spawning Pool  
  18  1:15  Drone  
  18  1:18  Drone  
  19  1:37  Hatchery  
  18  1:40  Drone  
  18  1:43  Drone  
  18  1:46  Extractor  
  19  1:58  Queen  
  19  1:59  Zergling x2  
  22  2:06  Queen  
  24  2:10  Drone  
  24  2:13  Drone  
  26  2:17  Drone  
  26  2:20  Drone  
  28  2:26  Overlord  
  28  2:32  Overlord  
  28  2:45  Drone x3  
  28  2:46  Drone  
  28  2:48  Metabolic Boost  
  32  2:51  Drone  
  32  2:54  Drone  
  32  2:57  Drone  
  35  3:00  Drone  
  35  3:04  Drone  
  37  3:08  Drone  
  37  3:09  Drone x2  
  40  3:17  Evolution Chamber, Zergling x4  
  40  3:19  Zergling x2  
  41  3:22  Zergling x4  
  41  3:26  Overlord  
  43  3:31  Queen  
  45  3:37  Drone x3  
  45  3:39  Drone  
  45  3:41  Drone  
  50  3:44  Overlord  
  50  3:46  Drone  
  51  3:48  Drone  
  51  3:50  Drone  
  51  3:51  Drone  
  51  3:53  Drone  
  55  3:56  Overlord  
  55  4:00  Drone  
  56  4:04  Drone  
  56  4:05  Roach Warren  
  56  4:10  Drone x2  
  56  4:13  Extractor, Zerg Melee Weapons Level 1  
  56  4:14  Drone x3  
  60  4:18  Overlord, Extractor  
  60  4:19  Extractor  
  58  4:24  Zergling x2  
  58  4:25  Zergling x6  
  58  4:30  Drone  
  58  4:31  Drone x2  
  62  4:39  Drone  
  62  4:40  Drone  
  62  4:41  Lair  
  62  4:44  Zergling x4  
  65  4:46  Drone x2  
  65  4:49  Drone x3  
  65  4:51  Extractor  
  65  4:52  Drone  
  70  4:54  Extractor  
  70  4:55  Drone x2  
  70  4:58  Drone  
  72  5:05  Overlord  
  72  5:10  Roach  
  72  5:11  Hatchery, Roach  
  72  5:13  Roach x3  
  81  5:16  Overlord  
  81  5:18  Overlord x2  
  81  5:20  Overlord  
  80  5:23  Overlord  
  80  5:24  Roach  
  82  5:29  Roach x2  
  82  5:34  Drone x2  
  82  5:35  Drone x2  
  90  5:40  Drone x2  
  90  5:41  Spire  
  90  5:42  Drone  
  90  5:49  Glial Reconstitution  
  89  5:51  Drone x3  
  89  5:56  Zergling x6  
  95  6:02  Zergling x2  
  95  6:04  Queen x3  
  96  6:07  Zergling x4  
  96  6:10  Zergling x2  
  96  6:11  Zergling x4  
  107  6:14  Zergling x2  
  107  6:17  Extractor x2  
  107  6:18  Ravager x2  
  107  6:19  Zergling x8  
  107  6:20  Zergling x4  
  107  6:22  Overlord  
  114  6:30  Drone x2  
  114  6:31  Drone x3  
  118  6:34  Overlord  
  101  6:54  Mutalisk x7  
  101  6:55  Mutalisk x4  
  101  6:58  Overseer  
  101  7:01  Mutalisk  
  125  7:13  Drone  
  125  7:14  Drone x4  
  125  7:15  Drone  
  127  7:16  Overseer  
  126  7:23  Mutalisk x2  
  126  7:25  Mutalisk  
  126  7:29  Mutalisk  
  134  7:30  Hatchery  
  134  7:34  Mutalisk  
  134  7:38  Mutalisk  
  134  7:40  Overlord  
  134  7:43  Overlord  
  136  7:45  Mutalisk  
  136  7:47  Mutalisk  
  140  7:55  Mutalisk  
  142  8:01  Mutalisk  
  142  8:02  Mutalisk  
  140  8:06  Mutalisk  
  140  8:07  Drone x7  
  149  8:14  Mutalisk  
  149  8:16  Zergling x2  
  149  8:17  Zergling x12  
  158  8:24  Overlord  
  158  8:30  Overlord  
  158  8:31  Drone  
  155  8:41  Mutalisk x5  
  155  8:45  Mutalisk x2  
  167  8:50  Mutalisk  
  160  8:55  Extractor  
  160  8:56  Mutalisk, Extractor  
  160  8:58  Zergling x14  
  153  9:07  Drone x7  
Show
View Real Time Build Order
Export as new Build Order

MajeStic Protoss 

Build Orders: Nexus First 

Get SALT Encoding   

  12  0:00  Probe (Chrono Boost)  
  13  0:11  Probe (Chrono Boost)  
  14  0:19  Pylon  
  14  0:22  Probe (Chrono Boost)  
  15  0:37  Probe (Chrono Boost)  
  16  0:48  Probe (Chrono Boost)  
  17  0:57  Nexus  
  17  1:07  Gateway  
  17  1:10  Probe (Chrono Boost)  
  18  1:15  Assimilator  
  18  1:21  Probe (Chrono Boost)  
  19  1:25  Assimilator  
  19  1:31  Probe (Chrono Boost)  
  20  1:40  Gateway  
  20  1:42  Probe (Chrono Boost)  
  21  1:52  Probe (Chrono Boost)  
  22  2:02  Cybernetics Core  
  22  2:03  Probe (Chrono Boost)  
  23  2:09  Probe (Chrono Boost)  
  23  2:13  Probe (Chrono Boost)  
  25  2:20  Probe (Chrono Boost)  
  26  2:24  Probe (Chrono Boost)  
  27  2:31  Probe (Chrono Boost)  
  27  2:34  Probe (Chrono Boost), Pylon  
  29  2:38  Warp Gate  
  29  2:39  Adept (Chrono Boost)  
  29  2:41  Probe (Chrono Boost)  
  32  2:45  Mothership Core (Chrono Boost)  
  34  2:51  Sentry (Chrono Boost)  
  34  2:52  Probe (Chrono Boost)  
  37  3:04  Probe (Chrono Boost)  
  37  3:05  Probe (Chrono Boost)  
  39  3:12  Robotics Facility  
  39  3:15  Probe (Chrono Boost)  
  39  3:17  Probe (Chrono Boost), Pylon  
  41  3:25  Probe (Chrono Boost)  
  42  3:28  Probe (Chrono Boost)  
  42  3:30  Assimilator  
  43  3:35  Assimilator  
  43  3:36  Probe (Chrono Boost)  
  43  3:39  Probe (Chrono Boost), Forge  
  45  3:47  Probe (Chrono Boost)  
  46  3:49  Probe (Chrono Boost)  
  46  3:53  Nexus  
  46  3:55  Pylon  
  47  3:57  Probe (Chrono Boost)  
  47  3:58  Probe (Chrono Boost)  
  47  4:00  Observer (Chrono Boost)  
  50  4:05  Sentry x2  
  50  4:07  Pylon  
  54  4:11  Probe  
  54  4:12  Protoss Ground Weapons Level 1  
  54  4:13  Probe  
  56  4:20  Warp Prism (Chrono Boost)  
  56  4:24  Probe  
  57  4:25  Probe  
  56  4:33  Pylon  
  56  4:39  Probe  
  56  4:43  Photon Cannon  
  56  4:44  Pylon  
  56  4:45  Probe  
  56  4:51  Probe  
  58  4:56  Probe  
  59  5:02  Observer (Chrono Boost)  
  59  5:05  Probe  
  59  5:06  Probe x2  
  62  5:07  Robotics Bay  
  63  5:15  Gateway  
  63  5:16  Probe  
  63  5:17  Probe  
  63  5:18  Gateway  
  63  5:19  Probe  
  62  5:22  Adept  
  62  5:26  Probe  
  65  5:30  Probe  
  65  5:31  Probe, Adept  
  69  5:37  Probe  
  69  5:42  Probe  
  70  5:43  Adept  
  70  5:44  Probe  
  70  5:47  Probe  
  70  5:48  Pylon  
  75  5:55  Adept, Disruptor (Chrono Boost), Gravitic Drive  
  80  5:58  Pylon  
  80  6:06  Adept  
  80  6:10  Probe  
  80  6:11  Probe, Photon Cannon  
  82  6:14  Pylon, Assimilator  
  82  6:15  Adept x2  
  89  6:18  Protoss Ground Armor Level 1 (Chrono Boost)  
  88  6:28  Stalker x2  
  88  6:30  Disruptor (Chrono Boost)  
  95  6:35  Pylon  
  93  6:41  Probe  
  93  6:42  Probe  
  93  6:45  Assimilator  
  93  6:50  Stalker x2  
  93  6:53  Twilight Council, Probe x2  
  97  6:55  Probe, Gateway  
  97  6:56  Gateway  
  97  6:57  Pylon  
  100  7:01  Stalker x2  
  104  7:13  Disruptor (Chrono Boost)  
  104  7:21  Probe  
  104  7:22  Probe, Pylon  
  105  7:27  Gateway x2  
  105  7:33  Stalker x4  
  113  7:45  Pylon  
  113  7:46  Photon Cannon  
  113  7:56  Stalker  
  113  7:57  Stalker x3  
  113  8:05  Probe  
  110  8:06  Probe  
  104  8:16  Stalker  
  103  8:20  Stalker x3  
  103  8:23  Probe  
  103  8:24  Probe x2  
  106  8:33  Probe  
  106  8:36  Probe  
  98  8:41  Stalker  
  98  8:42  Stalker x3  
  106  8:48  Adept x3  
  98  9:04  Stalker  
  98  9:07  Stalker x2  

Tags
 
Add a new tag
Caveats
  • Supply blocks, unpowered buildings, or Contaminate may cause inaccurate times.
  • Supply counts are checked every 10 seconds.